cohdb
Replays
Latest Replays
All Replays
Popular Replays
Top Player Replays
Match Explorer
How It Works
Community
CoH3 Stats
Reddit
Sign in to upload your games and track your stats! →
Sign in with Steam
Match 46865514
Unlisted
Match 46865514
Overview
Messages
Build Orders
End
Kettenkrad Recon Vehicle
Construct Infanterie Kompanie
MG 42 Machine Gun Team
Grenadier Squad
Grenadier Squad
Construct Panzergrenadier Kompanie
Construct Luftwaffe Kompanie
221 Scout Car
Jäger Squad
Flak 30 Anti-aircraft Gun Team
Construct Panzer Kompanie
Medical Bunker
Panzer IV Medium Tank
Stoßtruppen Squad
Pioneer Squad
Panzer IV Medium Tank
Side Skirts
Panzer Officer Quarters
Pioneer Squad
Selects Breakthrough Battlegroup
Selects Rapid Production
Selects Blitzkrieg
Selects Tiger Heavy Tank
Tiger Heavy Tank
Medical Bunker
Jäger Squad
Medical Station
Selects Assault Grenadiers
Selects Breakthrough
Selects Mechanized Assault Group
Tiger Heavy Tank
Izzy
꿀뜨개Honeydipper
FLOKL
咖喱
saint087
Masang
Mad
Bruckley
0
0
Comments
sign in to comment!
No comments posted yet!